AoeStats
← Concept of Law

Arabia

505383160Analyzed
1v1 RM · 22d ago on Sep 9, 2026· 49m 45s· 2 players
Game mode
Random Map
Map size
Tiny (2 player)
Population
200
Speed
Normal
Resources
Standard
Victory
Conquest
Starting age
Dark Age
Ending age
Imperial Age
RankedLock teamsTeams togetherTeam positionsShared explorationLock speedFull tech treeHidden civsTurbo modeCheats
Victory
Defeat
🇺🇸 Portuguese · United States
931
+17
952
-17
Concept of Law
8:40 Loom
13:27 Feudal Age
13:53 Double-Bit Axe
19:27 Castle Age
17:43 Fletching
18:33 Horse Collar
18:43 Gold Mining
20:33 Bow Saw
20:23 Heavy Plow
20:16 Stone Mining
20:31 Bodkin Arrow
19:57 Crossbowman
23:00 Padded Archer Armor
23:25 Town Watch
24:15 Wheelbarrow
24:05 Leather Archer Armor
25:32 Hand Cart
30:16 Thumb Ring
34:20 Imperial Age
34:52 Stone Shaft Mining
35:03 Arbalester
35:44 Bracer
37:00 Two-Man Saw
36:31 Crop Rotation
37:56 Chemistry
37:29 Pikeman
38:46 Ballistics
39:33 Circumnavigation
40:06 Siege Engineers
41:50 Elite Organ Gun
43:04 Ring Archer Armor
42:35 Scale Mail Armor
43:10 Halberdier
43:37 Gambesons
44:24 Conscription
44:57 Bloodlines
44:08 Cavalier
46:10 Sanctity
46:07 Scale Barding Armor
46:27 Arquebus
46:19 Arson
46:36 Husbandry
49:46 Masonry
丹尼尔的证婚人
6:19 Loom
9:31 Feudal Age
10:50 Double-Bit Axe
21:57 Castle Age
20:39 Forging
23:31 Bow Saw
24:15 Wheelbarrow
25:02 Horse Collar
25:40 Husbandry
28:08 Stone Mining
34:09 Imperial Age
33:22 Scale Barding Armor
35:26 Cavalier
36:06 Fletching
36:16 Padded Archer Armor
36:30 Gold Mining
36:52 Elite Skirmisher
41:40 Chemistry
42:16 Bodkin Arrow
43:21 Heavy Plow
43:43 Ballistics
44:27 Chemistry
44:31 Hand Cart
45:53 Chain Barding Armor
46:04 Bracer
Connection lost

Rejoining the realm…

Still unreachable

The connection could not be restored.

Session expired

The server has moved on; the page needs a fresh start.